Match 28504964
Unlisted

Match 28504964
End
Construct Barracks
Engineer Squad
Selects Armored Battlegroup
Selects Veteran Crews
1⁄4-ton 4x4 Truck
Riflemen Squad
Riflemen Squad
Air Support Center
P-47 Strafing Run
P-47 Strafing Run
M1918 Browning Automatic Rifles
Grasshopper Recon Run
Riflemen Squad
Air Supremacy
P-47 Strafing Run
Grenade Package
P-47 Strafing Run
Selects Strength in Steel
Selects M8 Scott SPG
M8 Scott SPG
Grasshopper Recon Run
M8 Scott SPG
Air Supply
M8 Scott SPG
Grasshopper Recon Run
P-47 Strafing Run
M8 Scott SPG
Selects M31 Recovery Vehicle
P-47 Strafing Run
Ruby
HulkSMASH
Jesus's Cream
Jake_TW
0
0

Comments sign in to comment!

No comments posted yet!